DSL
DSL TORONTO BLUE JAYS @ DSL PHILADELPHIA PHILLIES
05/15/2042
 
TOP OF THE 1ST
DSL Toronto Blue Jays batting - Pitching for DSL Philadelphia Phillies : RHP Ernesto Segura
Pitching: RHP Ernesto Segura
Batting: LHB Sergio Cabrita 0-0: Foul Ball, location: 7LMF
0-1: Foul Ball, location: 23FF
0-2: Foul Ball, location: 7LSF
0-2: Ball
1-2: Ball
2-2: Ball
3-2: Base on Balls
Batting: RHB Bernardo Miranda 0-0: Called Strike
0-1: Called Strike
0-2: Strikes out swinging
Batting: RHB Steve Hall 0-0: SINGLE (Groundball, 3, EV 104.4 MPH) (infield hit)
Sergio Cabrita to second
Batting: RHB José Trejo 0-0: Ball
Sergio Cabrita steals 3rd base
Steve Hall to second
1-0: Ball
2-0: Called Strike
2-1: Ball
3-1: SINGLE (Flyball, 6MD, EV 94.4 MPH)
Sergio Cabrita scores
Steve Hall to third
Batting: RHB Tony Minor 0-0: Fly out, F8 (Line Drive, 8RM, EV 101.9 MPH)
Lined into DP, 8-3 (Line Drive, 8RM, EV 101.9 MPH)
Top of the 1st over - 1 run, 2 hits, 0 errors, 1 left on base; DSL Toronto 1 - DSL Philadelphia 0
BOTTOM OF THE 1ST
DSL Philadelphia Phillies batting - Pitching for DSL Toronto Blue Jays : RHP Jesús Maldonado
Pitching: RHP Jesús Maldonado
Batting: RHB Jonathan Taylor 0-0: Called Strike
0-1: Ball
1-1: Called Strike
1-2: Ball
2-2: Strikes out swinging
Batting: RHB Juan Alifonso 0-0: Ball
1-0: Ball
2-0: Ball
3-0: Foul Ball, location: 2F
3-1: Called Strike
3-2: Strikes out swinging
Batting: RHB Ron Parsons 0-0: Called Strike
0-1: Ball
1-1: Foul Ball, location: 2F
1-2: SOLO HOME RUN (Flyball, 78XD, EV 95.6 MPH), Distance : 395 ft
Batting: LHB Jorge Elías 0-0: Foul Ball, location: 2F
0-1: Foul Ball, location: 9LDF
0-2: Ball
1-2: Strikes out swinging
Bottom of the 1st over - 1 run, 1 hit, 0 errors, 0 left on base; DSL Toronto 1 - DSL Philadelphia 1
TOP OF THE 2ND
DSL Toronto Blue Jays batting - Pitching for DSL Philadelphia Phillies : RHP Ernesto Segura
Batting: RHB Luis Sánchez 0-0: Called Strike
0-1: Ball
1-1: Fly out, F8 (Line Drive, 8LD, EV 92.5 MPH)
Batting: LHB Luis Hernández 0-0: Foul Ball, location: 2RF
0-1: Swinging Strike
0-2: Strikes out swinging, 2-3 out at first.
Batting: RHB Bertrand Ferris 0-0: Called Strike
0-1: Ball
1-1: Ball
2-1: Called Strike
2-2: Ball
3-2: Foul Ball, location: 9LMF
3-2: Base on Balls
Batting: RHB Greg Huff 0-0: Foul Ball, location: 2F
0-1: Ball
1-1: Swinging Strike
1-2: Foul Ball, location: 2F
1-2: Ball
2-2: Strikes out swinging
Top of the 2nd over - 0 runs, 0 hits, 0 errors, 1 left on base; DSL Toronto 1 - DSL Philadelphia 1
BOTTOM OF THE 2ND
DSL Philadelphia Phillies batting - Pitching for DSL Toronto Blue Jays : RHP Jesús Maldonado
Batting: RHB Andy Cartegena 0-0: Swinging Strike
0-1: Swinging Strike
0-2: Strikes out swinging
Batting: RHB Ljuba Jevtic 0-0: Ball
1-0: Called Strike
1-1: Swinging Strike
1-2: Strikes out swinging
Batting: LHB Jim Unknown 0-0: Ball
1-0: Ball
2-0: Called Strike
2-1: Foul Ball, location: 7LMF
2-2: SOLO HOME RUN (Flyball, 89XD, EV 106.9 MPH), Distance : 395 ft
Batting: SHB Jim Unknown 0-0: Ball
1-0: Ball
2-0: Ball
3-0: Called Strike
3-1: Base on Balls
Batting: RHB Jim Unknown 0-0: Ball
1-0: SINGLE (Line Drive, 9S, EV 90.6 MPH)
Jim Unknown to second
Runner from 2nd tries for 3rd, SAFE, throw by RF made to third
Batting: RHB Jonathan Taylor 0-0: Called Strike
0-1: Ball
1-1: Called Strike
1-2: Foul Ball, location: 3F
1-2: Ball
2-2: Strikes out looking
Bottom of the 2nd over - 1 run, 2 hits, 0 errors, 2 left on base; DSL Toronto 1 - DSL Philadelphia 2
TOP OF THE 3RD
DSL Toronto Blue Jays batting - Pitching for DSL Philadelphia Phillies : RHP Ernesto Segura
Batting: LHB Sergio Cabrita 0-0: Foul Ball, location: 9LMF
0-1: Swinging Strike
0-2: Ball
1-2: Ball
2-2: Ball
3-2: Strikes out swinging
Batting: RHB Bernardo Miranda 0-0: Ball
1-0: Ball
2-0: Ball
3-0: Base on Balls
Batting: RHB Steve Hall 0-0: Reached on error, E5 (Groundball, 56, EV 89.4 MPH)
Bernardo Miranda to second
Batting: RHB José Trejo 0-0: Swinging Strike
0-1: Swinging Strike
0-2: Ball
1-2: Foul Ball, location: 9LDF
1-2: Ball
2-2: Foul Ball, location: 3FF
2-2: Ball
3-2: Strikes out swinging
Batting: RHB Tony Minor 0-0: Called Strike
0-1: Fly out, F7 (Flyball, 7, EV 94.4 MPH)
Top of the 3rd over - 0 runs, 0 hits, 1 error, 2 left on base; DSL Toronto 1 - DSL Philadelphia 2
BOTTOM OF THE 3RD
DSL Philadelphia Phillies batting - Pitching for DSL Toronto Blue Jays : RHP Jesús Maldonado
Batting: RHB Juan Alifonso 0-0: SOLO HOME RUN (Flyball, 7D, EV 91.9 MPH), Distance : 352 ft
Batting: RHB Ron Parsons 0-0: SOLO HOME RUN (Flyball, 7D, EV 95.6 MPH), Distance : 366 ft
Batting: LHB Jorge Elías 0-0: Ball
1-0: Ball
2-0: Fly out, F8 (Flyball, 89D, EV 88.8 MPH)
Batting: RHB Andy Cartegena 0-0: Ball
1-0: Called Strike
1-1: Foul Ball, location: 9LMF
1-2: Ball
2-2: Strikes out swinging
Batting: RHB Ljuba Jevtic 0-0: Called Strike
0-1: Hit by Pitch
Batting: LHB Jim Unknown 0-0: Ball
1-0: Ball
2-0: Foul Ball, location: 2F
2-1: Swinging Strike
2-2: Ball
3-2: Strikes out swinging
Bottom of the 3rd over - 2 runs, 2 hits, 0 errors, 1 left on base; DSL Toronto 1 - DSL Philadelphia 4
TOP OF THE 4TH
DSL Toronto Blue Jays batting - Pitching for DSL Philadelphia Phillies : RHP Ernesto Segura
Batting: RHB Luis Sánchez 0-0: Ball
1-0: Foul Ball, location: 5F
1-1: Ball
2-1: Ball
3-1: Ground out 4-3 (Groundball, 4M, EV 105.6 MPH)
Batting: LHB Luis Hernández 0-0: Ball
1-0: Foul Ball, location: 9LSF
1-1: Foul Ball, location: 9LDF
1-2: Ball
2-2: Ball
3-2: Strikes out swinging
Batting: RHB Bertrand Ferris 0-0: Ball
1-0: Ball
2-0: SOLO HOME RUN (Flyball, 89XD, EV 108.8 MPH), Distance : 408 ft
Batting: RHB Greg Huff 0-0: Ball
1-0: Swinging Strike
1-1: Called Strike
1-2: Ball
2-2: Ball
3-2: Base on Balls
Pitching: RHP José Ramírez
Batting: LHB Sergio Cabrita 0-0: Ball
Greg Huff is caught stealing 2nd base 2-6
Top of the 4th over - 1 run, 1 hit, 0 errors, 0 left on base; DSL Toronto 2 - DSL Philadelphia 4
BOTTOM OF THE 4TH
DSL Philadelphia Phillies batting - Pitching for DSL Toronto Blue Jays : RHP Jesús Maldonado
Batting: SHB Jim Unknown 0-0: Ball
1-0: Foul Ball, location: 5SF
1-1: Foul Ball, location: 7LSF
1-2: Strikes out swinging
Batting: RHB Jim Unknown 0-0: Fly out, F8 (Flyball, 8LD, EV 106.9 MPH)
Batting: RHB Jonathan Taylor 0-0: Ball
1-0: Foul Ball, location: 5F
1-1: Called Strike
1-2: Ball
2-2: Strikes out swinging
Bottom of the 4th over - 0 runs, 0 hits, 0 errors, 0 left on base; DSL Toronto 2 - DSL Philadelphia 4
TOP OF THE 5TH
DSL Toronto Blue Jays batting - Pitching for DSL Philadelphia Phillies : RHP José Ramírez
Batting: LHB Sergio Cabrita 0-0: Foul Ball, location: 7LSF
0-1: SINGLE (Line Drive, 9S, EV 101.9 MPH)
Batting: RHB Bernardo Miranda 0-0: Called Strike
Sergio Cabrita steals 2nd base
0-1: Ball
1-1: Called Strike
1-2: Foul Ball, location: 2F
1-2: Strikes out swinging
Batting: RHB Steve Hall 0-0: Called Strike
0-1: Called Strike
0-2: Ball
1-2: Ball
2-2: Strikes out looking
Batting: RHB José Trejo 0-0: Ball
1-0: Swinging Strike
1-1: Ball
2-1: Swinging Strike
2-2: Strikes out swinging
Top of the 5th over - 0 runs, 1 hit, 0 errors, 1 left on base; DSL Toronto 2 - DSL Philadelphia 4
BOTTOM OF THE 5TH
DSL Philadelphia Phillies batting - Pitching for DSL Toronto Blue Jays : RHP Jesús Maldonado
Batting: RHB Juan Alifonso 0-0: Ball
1-0: Foul Ball, location: 7LMF
1-1: Ball
2-1: Foul Ball, location: 3FF
2-2: Ball
3-2: Base on Balls
Pitching: RHP Manny Guerra
Batting: RHB Ron Parsons 0-0: Called Strike
0-1: Called Strike
Juan Alifonso steals 2nd base
0-2: Ball
1-2: Ball
2-2: Strikes out swinging
Batting: LHB Jorge Elías 0-0: Ball
Juan Alifonso is caught stealing 3rd base 2-5
1-0: Ball
2-0: Ball
3-0: Called Strike
3-1: Swinging Strike
3-2: Strikes out swinging
Bottom of the 5th over - 0 runs, 0 hits, 0 errors, 0 left on base; DSL Toronto 2 - DSL Philadelphia 4
TOP OF THE 6TH
DSL Toronto Blue Jays batting - Pitching for DSL Philadelphia Phillies : RHP José Ramírez
Batting: RHB Tony Minor 0-0: Ball
1-0: Ball
2-0: Foul Ball, location: 9LSF
2-1: Ball
3-1: Called Strike
3-2: Strikes out looking
Batting: RHB Luis Sánchez 0-0: Foul Ball, location: 2F
0-1: Foul Ball, location: 9LDF
0-2: Foul Ball, location: 2RF
0-2: Ball
1-2: Fly out, F8 (Flyball, 8RD, EV 98.8 MPH)
Batting: LHB Luis Hernández 0-0: Ball
1-0: Ball
2-0: Foul Ball, location: 2F
2-1: Called Strike
2-2: Ball
3-2: Fly out, F9 (Flyball, 9, EV 98.1 MPH)
Top of the 6th over - 0 runs, 0 hits, 0 errors, 0 left on base; DSL Toronto 2 - DSL Philadelphia 4
BOTTOM OF THE 6TH
DSL Philadelphia Phillies batting - Pitching for DSL Toronto Blue Jays : RHP Manny Guerra
Batting: RHB Andy Cartegena 0-0: Ball
1-0: Ball
2-0: Fly out, F7 (Flyball, 7D, EV 93.8 MPH)
Batting: RHB Ljuba Jevtic 0-0: Ball
1-0: Ball
2-0: Ball
3-0: Base on Balls
Batting: LHB Jim Unknown 0-0: Ball
1-0: Swinging Strike
1-1: Fly out, F9 (Flyball, 9, EV 98.1 MPH)
Batting: SHB Jim Unknown 0-0: Ball
1-0: Foul Ball, location: 7LDF
1-1: Ball
2-1: Foul Ball, location: 7LSF
2-2: Foul Ball, location: 7LDF
2-2: Strikes out swinging
Bottom of the 6th over - 0 runs, 0 hits, 0 errors, 1 left on base; DSL Toronto 2 - DSL Philadelphia 4
TOP OF THE 7TH
DSL Toronto Blue Jays batting - Pitching for DSL Philadelphia Phillies : RHP José Ramírez
Batting: RHB Bertrand Ferris 0-0: Ball
1-0: Ball
2-0: Ball
3-0: Called Strike
3-1: Called Strike
3-2: Base on Balls
Batting: RHB Greg Huff 0-0: Sac Bunt to 23 - play at first, batter OUT! 3-4
Bertrand Ferris to second
Batting: LHB Sergio Cabrita 0-0: Ball
1-0: Ball
2-0: Ball
3-0: Called Strike
3-1: Base on Balls
Batting: LHB Ken Peters 0-0: Swinging Strike
0-1: Ball
1-1: Foul Ball, location: 2F
1-2: Strikes out swinging
Pitching: LHP Ric Lubiani
Batting: RHB Steve Hall 0-0: Foul Ball, location: 23F
0-1: DOUBLE (Line Drive, 89D, EV 100.6 MPH)
Bertrand Ferris scores
Sergio Cabrita to third
Runner from 3rd tries for Home, SAFE, throw by RF to home
Batting: RHB José Trejo 0-0: Called Strike
0-1: Ball
1-1: Called Strike
1-2: Ball
2-2: Strikes out swinging
Top of the 7th over - 2 runs, 1 hit, 0 errors, 1 left on base; DSL Toronto 4 - DSL Philadelphia 4
BOTTOM OF THE 7TH
DSL Philadelphia Phillies batting - Pitching for DSL Toronto Blue Jays : RHP Manny Guerra
DELAY Rain delay of 23 minutes in the 7th inning.
Batting: RHB Jim Unknown 0-0: Fly out, F9 (Flyball, 9, EV 78.8 MPH)
Batting: RHB Jonathan Taylor 0-0: Foul Ball, location: 2F
0-1: Ball
1-1: Foul Ball, location: 2F
1-2: Foul Ball, location: 23F
1-2: Ball
2-2: Strikes out swinging
Batting: RHB Juan Alifonso 0-0: Ball
1-0: Ball
2-0: Ball
3-0: Base on Balls
Batting: RHB Ron Parsons 0-0: Ball
Juan Alifonso is caught stealing 2nd base 2-4
Bottom of the 7th over - 0 runs, 0 hits, 0 errors, 0 left on base; DSL Toronto 4 - DSL Philadelphia 4
TOP OF THE 8TH
DSL Toronto Blue Jays batting - Pitching for DSL Philadelphia Phillies : LHP Ric Lubiani
Batting: RHB Tony Minor 0-0: Foul Ball, location: 9LSFF
0-1: Called Strike
0-2: Ball
1-2: DOUBLE (Groundball, 5L, EV 108.1 MPH)
Batting: RHB Luis Sánchez 0-0: Ball
1-0: Ball
2-0: Ball
3-0: Base on Balls
Pinch Hitting: LHB Max Swanson 0-0: Sac Bunt to 13 - play at first, batter OUT! 1-4
Tony Minor to third
Luis Sánchez to second
Batting: RHB Bertrand Ferris 0-0: Ball
1-0: Ball
2-0: Called Strike
2-1: Foul Ball, location: 5F
2-2: Strikes out swinging
Pinch Hitting: RHB Tomás Germán 0-0: Ball
1-0: Ball
2-0: Ball
3-0: Base on Balls
Batting: LHB Sergio Cabrita 0-0: Ball
1-0: Foul Ball, location: 2F
1-1: Hit by Pitch
Tony Minor scores
Luis Sánchez to third
Tomás Germán to second
Batting: RHB José Benítez 0-0: Foul Ball, location: 2F
0-1: Swinging Strike
0-2: Strikes out swinging
Top of the 8th over - 1 run, 1 hit, 0 errors, 3 left on base; DSL Toronto 5 - DSL Philadelphia 4
BOTTOM OF THE 8TH
DSL Philadelphia Phillies batting - Pitching for DSL Toronto Blue Jays : RHP Manny Guerra
Now at 3B: Héctor Barocio
Now in CF: Chad Rodríguez
Batting: RHB Ron Parsons 0-0: Ball
1-0: Ball
2-0: Foul Ball, location: 9LMF
2-1: Ball
3-1: Swinging Strike
3-2: Foul Ball, location: 3F
3-2: Base on Balls
Pitching: LHP José Lugo
Pinch Hitting: RHB Jim Unknown 0-0: Ball
1-0: Ball
2-0: Foul Ball, location: 5F
2-1: Ball
3-1: Foul Ball, location: 9LMF
3-2: Strikes out looking
Batting: RHB Andy Cartegena 0-0: Foul Ball, location: 23F
0-1: Foul Ball, location: 23FF
0-2: Ball
1-2: Strikes out swinging
Batting: RHB Ljuba Jevtic 0-0: Ground out 1-3 (Groundball, 13S, EV 69.4 MPH)
Bottom of the 8th over - 0 runs, 0 hits, 0 errors, 1 left on base; DSL Toronto 5 - DSL Philadelphia 4
TOP OF THE 9TH
DSL Toronto Blue Jays batting - Pitching for DSL Philadelphia Phillies : LHP Ric Lubiani
Now at 3B: Jim Unknown
Batting: RHB Steve Hall 0-0: Ball
1-0: Called Strike
1-1: Ball
2-1: Foul Ball, location: 2F
2-2: Ball
3-2: Strikes out swinging
Batting: RHB José Trejo 0-0: Called Strike
0-1: Swinging Strike
0-2: Ball
1-2: Foul Ball, location: 7LMF
1-2: Ball
2-2: Strikes out looking
Batting: RHB Tony Minor 0-0: SOLO HOME RUN (Flyball, 9D, EV 95.6 MPH), Distance : 347 ft
Batting: RHB Luis Sánchez 0-0: Ball
1-0: Ball
2-0: Ball
3-0: Called Strike
3-1: Base on Balls
Pitching: LHP Sergio Castro
Batting: RHB Héctor Barocio 0-0: DOUBLE (Line Drive, 89D, EV 101.9 MPH)
Luis Sánchez to third
Runner from 3rd tries for Home, SAFE, throw by RF to home
Batting: RHB Bertrand Ferris 0-0: Called Strike
0-1: Ball
1-1: 2-RUN HOME RUN (Flyball, 9D, EV 92.5 MPH), Distance : 352 ft
Batting: RHB Chad Rodríguez 0-0: Ball
1-0: Swinging Strike
1-1: Ball
2-1: Ball
3-1: Base on Balls
Batting: LHB Sergio Cabrita 0-0: Foul Ball, location: 7LDF
0-1: Ball
1-1: Ball
2-1: Ball
3-1: Called Strike
3-2: Base on Balls
Chad Rodríguez to second
Batting: RHB José Benítez 0-0: Ball
1-0: Swinging Strike
1-1: Called Strike
1-2: Fly out, F8 (Flyball, 89M, EV 92.5 MPH)
Top of the 9th over - 4 runs, 3 hits, 0 errors, 2 left on base; DSL Toronto 9 - DSL Philadelphia 4
BOTTOM OF THE 9TH
DSL Philadelphia Phillies batting - Pitching for DSL Toronto Blue Jays : LHP José Lugo
Batting: LHB Jim Unknown 0-0: Called Strike
0-1: Foul Ball, location: 2F
0-2: Foul Ball, location: 2F
0-2: Strikes out swinging
Pinch Hitting: LHB Jim Unknown 0-0: Ball
1-0: Ball
2-0: Swinging Strike
2-1: Ball
3-1: Called Strike
3-2: Base on Balls
Batting: RHB Jim Unknown 0-0: Swinging Strike
0-1: Called Strike
0-2: Strikes out swinging
Pinch Hitting: LHB Jim Unknown 0-0: Called Strike
0-1: Ball
1-1: Called Strike
1-2: Ball
2-2: Strikes out looking
Bottom of the 9th over - 0 runs, 0 hits, 0 errors, 1 left on base; DSL Toronto 9 - DSL Philadelphia 4
Monday, April 29th , 2024 - OOTP Baseball 24.10 Build 82